 Dungeon Crawl Stone Soup version 0.23.2-1-ga50397a6bc (webtiles) character file.

Game seed: 6348403633056872137

2652 Kobolds4U the Covert (level 9, 0/48 HPs)
             Began as a Spriggan Assassin on May 31, 2019.
             Was a Follower of Ashenzari.
             Slain by a hippogriff (11 damage)
             ... on level 7 of the Dungeon.
             The game lasted 00:33:12 (10767 turns).

Kobolds4U the Covert (Spriggan Assassin)           Turns: 10767, Time: 00:33:13

Health: 0/48       AC:  5    Str:  7    XL:     9   Next: 36%
Magic:  14/14      EV: 28    Int: 13    God:    Ashenzari [*.....]
Gold:   360        SH:  0    Dex: 20    Spells: 11/14 levels left

rFire    . . .     SeeInvis +   a - +4 dagger
rCold    . . .     Gourm    .   (shield restricted)
rNeg     . . .     Faith    +   c - +0 robe
rPois    .         Spirit   .   (helmet restricted)
rElec    .         Reflect  .   f - +0 cloak (curse)
rCorr    +         Harm     .   (gloves unavailable)
MR       +....                  (boots unavailable)
Stlth    +++++.....             i - amulet of faith (curse)
HPRegen  0.16/turn              p - +2 ring of protection (curse)
MPRegen  0.14/turn              h - ring of resist corrosion

@: very quick
A: very small, unfitting armour, see invisible, herbivore, speed 3, slow
metabolism 2
a: Curse Item, Scrying, Renounce Religion


You were on level 7 of the Dungeon.
You worshipped Ashenzari.
Ashenzari was aware of your devotion.
You were near starving.

You visited 2 branches of the dungeon, and saw 8 of its levels.
You also visited: Ossuary.

You collected 360 gold pieces.

Inventory:

Hand Weapons
 a - a +4 dagger (weapon)
 b - a +0 blowgun
 z - a +0 dagger of electrocution
 H - a +0 shortbow
Missiles
 e - 16 poisoned needles
 w - 2 tomahawks (quivered)
 x - 67 bolts
 y - 91 arrows
 J - a curare-tipped needle
Armour
 c - a +0 robe (worn)
 d - a +0 cloak
 f - a cursed +0 cloak (worn)
Jewellery
 h - a ring of resist corrosion (right hand)
 i - a cursed amulet of faith (around neck)
 p - a cursed +2 ring of protection (left hand)
 q - an uncursed amulet of harm
 E - an uncursed amulet of rage
 N - an uncursed ring of fire
Scrolls
 l - a scroll of magic mapping
 m - 2 scrolls of fear
 n - 2 scrolls of fog {unknown}
 r - 2 scrolls of enchant weapon {unknown}
 s - 4 scrolls of teleportation
 B - a scroll of immolation {unknown}
 F - 2 scrolls of amnesia {unknown}
 I - 3 scrolls of enchant armour {unknown}
 K - a scroll of noise {unknown}
Potions
 j - 2 potions of ambrosia
 k - 2 potions of heal wounds
 o - 2 potions of brilliance
 t - a potion of agility {unknown}
 u - 2 potions of magic {unknown}
 v - a potion of degeneration {unknown}
 A - 2 potions of curing {unknown}
 C - 4 potions of flight {unknown}
 D - 2 potions of cancellation {unknown}
 L - 2 potions of lignification {unknown}
 M - a potion of might {unknown}
 O - 3 potions of mutation {unknown}
Comestibles
 g - 5 rations


   Skills:
 - Level 6.0 Fighting
 - Level 2.1 Short Blades
 - Level 2.0 Throwing
 - Level 11.0 Dodging
 + Level 11.5 Stealth
 * Level 3.2 Spellcasting
 + Level 1.9 Hexes


You had 11 spell levels left.
You knew the following spells:

 Your Spells              Type           Power        Failure   Level  Hunger
a - Dazzling Spray        Conj/Hex       #.....       41%         3    ###....

Your spell library contained the following spells:

 Spells                   Type           Power        Failure   Level  Hunger
 Confusing Touch          Hex            #.....       10%         1    #......
 Animate Skeleton         Necr           N/A          22%         1    #......
 Apportation              Tloc           #.....       22%         1    #......
 Magic Dart               Conj           #...         22%         1    #......
 Summon Small Mammal      Summ           #...         22%         1    #......
 Searing Ray              Conj           #.....       34%         2    ##.....
 Fulminant Prism          Conj/Hex       #.........   83%         4    #####..
 Force Lance              Conj/Tloc      #.......     92%         4    #####..
 Iskenderun's Mystic Bla  Conj           #.......     92%         4    #####..


Dungeon Overview and Level Annotations

Branches:
Dungeon (7/15)             Temple (1/1) D:6

Altars:
Ashenzari
Cheibriados
Dithmenos
Elyvilon
Fedhas
Gozag
Hepliaklqana
Kikubaaqudgha
Makhleb
Nemelex Xobeh
Okawaru
Qazlal
Ru
Trog
Uskayaw
Vehumet
Wu Jian
Xom
Yredelemnul
The Shining One
Beogh

Shops:
D:7 [

Annotations:
D:4 3 runed translucent doors, Acheron's ghost, amateur MfGl
D:5 Menkaure
D:7 Pikel


Innate Abilities, Weirdness & Mutations

You are very small and have problems with some larger weapons.
You are too small for most types of armour.
You have supernaturally acute eyesight. (SInv)
You are a herbivore.
You cover ground extremely quickly.
You need to consume almost no food.


Message History

You hit the hippogriff but do no damage.
The hippogriff is lightly wounded.
The hippogriff bites you. The hippogriff pecks you.
The hippogriff closely misses you.
The crimson imp blinks!
You puncture the hippogriff!
The hippogriff is heavily wounded.
The hippogriff completely misses you. x3
You barely miss the hippogriff.
The hippogriff is heavily wounded.
The hippogriff completely misses you.
The hippogriff pecks you but does no damage.
The hippogriff claws you!
The crimson imp blinks!
You hit the hippogriff.
The hippogriff is heavily wounded.
The hippogriff bites you.
* * * LOW HITPOINT WARNING * * *
The hippogriff misses you. The hippogriff completely misses you.
The crimson imp blinks!
The hippogriff bites you!
You die...

*,,,,,,,,
*,,,,,,,,
********* ########
#########
#@H5.§.###......##
###(####.........#
#.###...........
#(##...(..⌠...$.
#.##..o.........
#(#..rH.........
#5#F....)⌠$.....
#.#5.....!......
#('............#


You could see a hippogriff and a crimson imp.

Vanquished Creatures
  Grinder (D:4)
  A water moccasin (D:7)
  A black bear (D:6)
  A phantom (D:4)
  3 eyes of draining (D:5)
  2 centaurs
  A bullfrog (D:7)
  12 scorpions
  2 vampire bats (D:6)
  A centaur zombie (Ossuary)
  A howler monkey (D:6)
  An orc priest (D:6)
  3 hounds
  2 jellies
  Crazy Yiuf (D:6)
  2 bullfrog skeletons (D:6)
  4 orc wizards
  An iguana (D:5)
  5 worker ants (D:4)
  A big kobold zombie (Ossuary)
  3 mummies (Ossuary)
  14 adders
  2 river rats (D:5)
  7 scorpion zombies (Ossuary)
  3 adder skeletons
  5 worms
  3 dart slugs
  2 leopard geckos
  22 orcs
  5 ball pythons
  6 bats
  3 bat skeletons (D:6)
  2 bat zombies (D:6)
  3 giant cockroaches
  10 goblins
  7 hobgoblins
  21 jackals
  4 kobolds
  3 quokkas
  6 frilled lizards
  A gnoll zombie (Ossuary)
  2 goblin zombies (Ossuary)
  2 hobgoblin zombies (Ossuary)
  3 kobold zombies (Ossuary)
  2 orc zombies (Ossuary)
  A quokka skeleton (D:4)
  4 rats
192 creatures vanquished.

Notes
Turn   | Place    | Note
-------+----------+-------------------------------------------
     0 | D:1      | Kobolds4U the Spriggan Assassin began the quest for the
                  | Orb.
     0 | D:1      | Reached XP level 1. HP: 10/10 MP: 2/2
   283 | D:1      | Reached XP level 2. HP: 14/14 MP: 3/3
   999 | D:2      | Found a faded altar of an unknown god.
  1046 | D:2      | Reached XP level 3. HP: 18/18 MP: 4/4
  1283 | D:2      | Found a radiant altar of Vehumet.
  1455 | D:2      | Reached XP level 4. HP: 17/22 MP: 5/5
  1720 | D:2      | Found a stormy altar of Qazlal.
  2326 | D:2      | Reached XP level 5. HP: 19/25 MP: 6/6
  2482 | D:2      | Found a snail-covered altar of Cheibriados.
  2735 | D:3      | Reached skill level 10 in Stealth
  3517 | D:3      | Reached XP level 6. HP: 24/30 MP: 7/7
  3965 | D:4      | Noticed Acheron's ghost (amateur MfGl)
  3965 | D:4      | Identified the +2 mace of Qysi Coc {venom, Str+4}
  3966 | D:4      | Found a runed translucent gate.
  3966 | D:4      | Found a runed translucent gate.
  3966 | D:4      | Found a runed translucent gate.
  3978 | D:4      | Identified the +1 battleaxe of Dominance {elec, Str+6
                  | Dex+2}
  3978 | D:4      | Noticed an orc warrior
  4190 | D:4      | Noticed Grinder
  4215 | D:4      | Paralysed by Grinder for 3 turns
  5116 | D:4      | Reached XP level 7. HP: 13/36 MP: 8/8
  5602 | D:4      | Found a roughly hewn altar of Beogh.
  5631 | D:4      | Paralysed by Grinder for 7 turns
  5640 | D:4      | Killed Grinder
  5811 | D:5      | Entered Level 5 of the Dungeon
  5829 | D:5      | Found a bloodstained altar of Trog.
  5867 | D:5      | Reached skill level 5 in Dodging
  5922 | D:5      | Reached XP level 8. HP: 42/42 MP: 0/9
  5962 | D:5      | Noticed Menkaure
  6071 | D:5      | Reached skill level 5 in Fighting
  6235 | D:5      | HP: 1/43 [Menkaure (17)]
  6674 | D:5      | Found a glowing drain.
  7013 | D:5      | Found a shimmering altar of Xom.
  7859 | D:6      | Found a staircase to the Ecumenical Temple.
  7879 | Temple   | Entered the Ecumenical Temple
  7930 | Temple   | Became a worshipper of Ashenzari the Shackled
  8028 | D:6      | Learned a level 3 spell: Dazzling Spray
  8505 | D:6      | Noticed a +0 dagger
  8505 | D:6      | Noticed a +0 dagger
  8506 | D:6      | Found a hide-covered altar of Uskayaw.
  8537 | D:6      | Found a runed translucent door.
  8538 | D:6      | Noticed Crazy Yiuf
  8748 | D:6      | Found an ancient bone altar of Kikubaaqudgha.
  8852 | D:6      | Killed Crazy Yiuf
  8967 | D:7      | Found Gul Vaov's Armour Boutique.
  9021 | D:7      | Reached skill level 10 in Dodging
  9042 | D:7      | Reached XP level 9. HP: 29/48 MP: 10/10
  9134 | D:7      | Found a sand-covered staircase.
  9144 | Ossuary  | Entered an ossuary
  9405 | Ossuary  | Reached * piety under Ashenzari
  9583 | Ossuary  | Reached skill level 1 in Spellcasting
  9765 | Ossuary  | Reached skill level 1 in Hexes
 10658 | D:7      | Noticed Pikel
 10767 | D:7      | Slain by a hippogriff

Skill      XL: |  1  2  3  4  5  6  7  8  9 |
---------------+----------------------------+-----
Stealth        | 6 7 8 9 11 | 11.5
Fighting       | 3 4 6 |  6.0
Dodging        | 3 5 10 11 | 11.0
Spellcasting   | 3 |  3.2
Hexes          | 1 |  1.9
Short Blades   | |  2.1
Throwing       | |  2.0

Action                   |  1- 3 |  4- 6 |  7- 9 || total
-------------------------+-------+-------+-------++-------
Melee: Dagger            |   107 |   367 |   715 ||  1189
 Fire: Blowgun           |     6 |    29 |    64 ||    99
Invok: Curse Item        |       |       |     2 ||     2
  Use: Scroll            |       |       |    14 ||    14
 Stab: Sleeping          |     6 |    20 |    24 ||    50
       Distracted        |       |     1 |     3 ||     4
  Eat: Ration            |       |     1 |     3 ||     4
Armor: Robe              |     9 |    81 |    58 ||   148
Dodge: Dodged            |    85 |   303 |   528 ||   916
